Map: Moondance

Players

Cham - Winner!

  • Race: Zerg Zerg
  • Spawn Location: 12:00

Gerald

  • Race: Protoss Protoss
  • Spawn Location: 6:00

Event: DreamHack SC2 Masters 2022 Atlanta (Offline)

VOD

Have the link to the VOD?

Description

Time

  • Played on: Nov. 18, 2022, 6 p.m.
  • Length: 7:59

All games in this series

Show
View Real Time Build Order
Export as new Build Order

Cham Zerg - Winner!

Build Orders: Hatch First 

Get SALT Encoding   

  12  0:00  Drone  
  13  0:11  Overlord  
  13  0:17  Drone  
  14  0:30  Drone x2  
  16  0:51  Drone, Hatchery  
  16  0:54  Drone  
  17  0:58  Drone  
  18  1:12  Spawning Pool  
  18  1:15  Extractor  
  18  1:16  Drone  
  17  1:22  Drone  
  18  1:28  Drone  
  19  1:39  Drone  
  20  1:59  Queen  
  22  2:02  Overlord  
  22  2:03  Queen  
  22  2:04  Zergling x4  
  26  2:11  Zergling x2  
  26  2:15  Zergling x2  
  28  2:20  Metabolic Boost  
  28  2:23  Zergling x2  
  28  2:25  Zergling x2  
  30  2:33  Zergling x2  
  30  2:36  Zergling x2  
  32  2:42  Zergling x2  
  33  2:45  Zergling x2  
  34  3:02  Zergling x4  
  35  3:06  Zergling x2  
  36  3:38  Overlord x2  
  35  3:51  Overlord  
  35  3:53  Drone  
  36  3:59  Drone  
  37  4:08  Drone  
  37  4:12  Drone  
  37  4:13  Drone  
  39  4:24  Drone x4  
  40  4:38  Drone x2  
  40  4:39  Drone x2  
  40  4:42  Spore Crawler  
  40  4:43  Spore Crawler  
  41  4:50  Zergling x6  
  42  4:56  Drone x3  
  45  5:04  Lair  
  45  5:05  Zergling x2  
  45  5:07  Zergling x2  
  47  5:13  Zergling x6  
  50  5:17  Zergling x2  
  51  5:23  Roach Warren  
  51  5:24  Extractor  
  49  5:30  Zergling x4, Drone x2  
  49  5:31  Drone  
  49  5:33  Drone  
  55  5:37  Drone  
  55  5:39  Overlord  
  55  5:41  Drone  
  57  5:47  Drone  
  58  5:52  Overlord  
  58  5:56  Queen  
  60  6:00  Drone x2  
  60  6:03  Roach x2  
  60  6:04  Roach  
  67  6:06  Overseer  
  67  6:11  Overlord  
  67  6:23  Hatchery  
  65  6:28  Glial Reconstitution  
  65  6:31  Roach x3  
  70  6:36  Overlord  
  70  6:39  Roach  
  72  6:42  Roach x2  
  76  6:47  Overlord  
  76  6:51  Roach x2  
  80  6:56  Roach  
  80  6:57  Roach  
  80  6:58  Roach  
  81  7:03  Roach  
  81  7:05  Roach  
  85  7:10  Zergling x8  
  85  7:12  Roach  
  91  7:20  Overlord  
  90  7:24  Overlord  
  90  7:31  Drone  
  90  7:33  Overlord  
  90  7:34  Overlord x3  
Show
View Real Time Build Order
Export as new Build Order

Gerald Protoss 

Build Orders: 1 Gate Expand, Zealot Archon, Dark Templar Rush 

Get SALT Encoding   

  12  0:00  Probe  
  13  0:12  Probe  
  14  0:19  Pylon  
  14  0:24  Probe  
  15  0:37  Probe (Chrono Boost)  
  15  0:40  Gateway  
  16  0:47  Assimilator  
  16  0:49  Probe (Chrono Boost)  
  17  0:56  Probe  
  18  1:08  Probe  
  19  1:20  Probe  
  20  1:27  Nexus  
  20  1:32  Probe  
  21  1:38  Cybernetics Core  
  21  1:45  Probe  
  21  1:47  Assimilator  
  21  1:52  Pylon  
  21  1:57  Probe (Chrono Boost)  
  22  2:08  Probe (Chrono Boost)  
  23  2:11  Adept (Chrono Boost)  
  23  2:12  Probe (Chrono Boost)  
  26  2:21  Twilight Council  
  26  2:23  Probe  
  27  2:35  Stalker (Chrono Boost)  
  27  2:36  Probe  
  30  2:40  Probe  
  31  2:48  Probe  
  32  2:52  Shield Battery, Probe  
  33  3:00  Probe  
  33  3:03  Shield Battery  
  32  3:06  Gateway  
  32  3:09  Pylon  
  32  3:16  Pylon  
  32  3:22  Pylon  
  31  3:29  Probe  
  31  3:30  Probe  
  33  3:41  Probe  
  33  3:46  Cybernetics Core  
  33  3:47  Dark Shrine  
  35  3:53  Probe (Chrono Boost)  
  35  3:54  Zealot  
  37  3:57  Pylon  
  37  4:00  Resonating Glaives  
  37  4:05  Probe (Chrono Boost)  
  38  4:15  Pylon  
  38  4:33  Shield Battery  
  38  4:36  Gateway, Probe  
  36  4:50  Warp Gate (Chrono Boost), Probe  
  37  4:53  Pylon  
  37  4:58  Gateway  
  36  5:27  Adept  
  37  5:34  Probe  
  38  5:38  Gateway  
  38  5:39  Pylon  
  38  5:47  Adept  
  40  6:08  Adept  
  40  6:10  Probe  
  42  6:11  Robotics Facility  
  42  6:23  Probe  
  42  6:25  Pylon  
  43  6:34  Stalker  
  43  6:35  Nexus  
  43  6:36  Pylon  
  45  6:46  Probe  
  46  6:57  Stalker x2  
  46  6:58  Warp Prism (Chrono Boost), Probe  
  46  7:10  Probe  
  44  7:23  Dark Templar  
  44  7:24  Dark Templar  
  44  7:28  Archon  
  49  7:33  Robotics Bay  
Tags
 
Add a new tag
Caveats
  • Supply blocks, unpowered buildings, or Contaminate may cause inaccurate times.
  • Supply counts are checked every 10 seconds.